 Dungeon Crawl Stone Soup version 0.21.1-1-g345015f (webtiles) character file.

462 goulibeur the Distorting Demonspawn (level 6, -2/48 HPs)
             Began as a Demonspawn Abyssal Knight on July 30, 2018.
             Was a Believer of Lugonu.
             Slain by an orc warrior
             ... wielding a +0 battleaxe
              (17 damage)
             ... on level 5 of the Dungeon on July 31, 2018.
             The game lasted 00:14:56 (5365 turns).

goulibeur the Distorting Demonspawn (DsAK)          Turns: 5365, Time: 00:14:56

Health: -2/48      AC:  8    Str: 12    XL:     6   Next: 79%
Magic:  0/10       EV: 10    Int: 13    God:    Lugonu [**....]
Gold:   252        SH:  0    Dex: 15    Spells: 5/5 levels left

rFire    . . .     SeeInvis +   a - +1 short sword
rCold    . . .     Gourm    .   (no shield)
rNeg     . . .     Faith    .   t - +0 scale mail
rPois    .         Spirit   +   (no helmet)
rElec    .         Reflect  .   d - +0 cloak
rCorr    .         Harm     .   (no gloves)
MR       .....                  (no boots)
Stlth    ..........             m - amulet of guardian spirit
HPRegen  0.16/turn              (no ring)
MPRegen  0.12/turn              r - ring of see invisible

@: no status effects
A: demonic guardian 1, powered by death 1
a: Depart the Abyss, Bend Space, Renounce Religion


You were on level 5 of the Dungeon.
You worshipped Lugonu.
Lugonu was pleased with you.
You were not hungry.

You visited 1 branch of the dungeon, and saw 5 of its levels.
You visited the Abyss 1 time.

You collected 252 gold pieces.

Inventory:

Hand Weapons
 a - a +1 short sword (weapon)
Armour
 b - a +0 leather armour
 d - a +0 cloak (worn)
 g - a +0 ring mail
 t - a +0 scale mail (worn)
Jewellery
 h - an uncursed ring of loudness
 m - an amulet of guardian spirit (around neck)
 q - a cursed ring of loudness
 r - a ring of see invisible (right hand)
 D - an uncursed ring of ice {unknown}
Wands
 o - a wand of flame (31)
 B - a wand of iceblast (9)
Scrolls
 i - 4 scrolls of identify
 n - a scroll of immolation {unknown}
 s - a scroll of enchant armour {unknown}
 y - 2 scrolls of amnesia {unknown}
 z - 3 scrolls of teleportation {unknown}
Potions
 e - 3 potions of curing {unknown}
 f - a potion of cancellation {unknown}
 j - 2 potions of haste {unknown}
 k - 2 potions of heal wounds {unknown}
 l - a potion of lignification {unknown}
 p - 3 potions of invisibility {unknown}
 u - 2 potions of flight {unknown}
 v - a potion of mutation {unknown}
 w - a potion of brilliance {unknown}
 A - a potion of berserk rage
Books
 x - a book of Minor Magic

   Spells                             Type                      Level
   a - Magic Dart                     Conjuration                  1
   b - Blink                          Translocation                2
   c - Call Imp                       Summoning                    2
   d - Slow                           Hexes                        2
   e - Conjure Flame                  Conjuration/Fire             3
   f - Mephitic Cloud                 Conjuration/Poison/Air       3
Comestibles
 c - 9 rations
 C - 2 chunks of flesh


   Skills:
 + Level 4.3 Fighting
 - Level 1.7 Short Blades
 + Level 3.3 Armour
 + Level 2.9 Dodging
 * Level 6.3 Invocations


You had 5 spell levels left.
You didn't know any spells.

Dungeon Overview and Level Annotations

Branches:
Dungeon (5/15)
 Temple: D:4-7

Altars:
Hepliaklqana
Kikubaaqudgha
Nemelex Xobeh
Qazlal
Sif Muna
Wu Jian
Yredelemnul

Annotations:
D:3 2 transporters, Menkaure


Innate Abilities, Weirdness & Mutations

A weak demonic guardian rushes to your aid.
You regenerate a little health from kills.


Message History

The crimson imp shouts, "Fly, thou lumpish hedge-born gnoll-tail!"
The orc wizard hits your shadow imp but does no damage.
Your shadow imp hits the orc wizard.
The orc warrior barely misses your shadow imp.
The orc wizard closely misses your shadow imp.
Your shadow imp barely misses the orc wizard.
The crimson imp hits you but does no damage.
You hit the crimson imp.
The crimson imp is moderately wounded.
The orc wizard casts a spell at you. The magic dart hits your shadow imp.
Your shadow imp dies!
The crimson imp closely misses you.
The hiss of flowing sand is almost imperceptible now.
You open the door.
The crimson imp blinks!
There is an open door here.
You completely miss the crimson imp.
The crimson imp blinks!
The orc warrior hits you with a battleaxe!!
You die...

##+###.=## #........#
#..5.....#
##.###..############# ##
##.###..#..#...#....#...
#....%......o...5.......
#....?.....oo...........
#).###..########o####..
#..######## ####@..##
........... #.......#
....†...... #.......#
##..###.### ###..#..#
###'# # ####### .#...
.#.... .#.5.. .#.....


You could see an orc warrior and a crimson imp.

Vanquished Creatures
  A centaur (D:5)
  A scorpion (D:4)
  An orc priest (D:3)
  Terence (D:3)
  3 worker ants
  A hound skeleton (D:5)
  3 adders
  2 oozes
  An adder zombie (D:5)
  2 worms
  A dart slug (D:2)
  A leopard gecko (D:3)
  4 orcs (D:3)
  A ball python (D:3)
  6 giant cockroaches
  8 goblins
  2 hobgoblins
  3 jackals (D:1)
  4 kobolds
  A quokka (D:3)
  6 bats
  4 frilled lizards
  A quokka zombie (D:5)
  7 rats
65 creatures vanquished.

Vanquished Creatures (collateral kills)
  2 ogres
  An orc priest (D:5)
  A frilled lizard (D:5)
4 creatures vanquished.

Grand Total: 69 creatures vanquished

Notes
Turn   | Place    | Note
-------+----------+-------------------------------------------
     0 | Abyss:1  | goulibeur the Demonspawn Abyssal Knight began the quest for the Orb.
     0 | Abyss:1  | Reached XP level 1. HP: 18/18 MP: 2/2
    31 | Abyss:1  | Noticed a ynoxinul
    31 | D:1      | Escaped the Abyss
   164 | D:1      | Reached skill level 1 in Dodging
   204 | D:1      | Gained mutation: A weak demonic guardian rushes to your aid. [demonic ancestry]
   204 | D:1      | Reached XP level 2. HP: 7/24 MP: 4/4
   522 | D:1      | Reached skill level 3 in Invocations
   627 | D:1      | Reached * piety under Lugonu
  1328 | D:2      | Reached XP level 3. HP: 27/29 MP: 5/5
  1834 | D:2      | Found a sparkling altar of Nemelex Xobeh.
  2158 | D:3      | Found an ornate altar of the Wu Jian Council.
  2234 | D:3      | Found a deep blue altar of Sif Muna.
  2396 | D:3      | Noticed a water elemental
  2398 | D:3      | Found a stormy altar of Qazlal.
  2399 | D:3      | Noticed an earth elemental
  2399 | D:3      | Noticed an air elemental
  2399 | D:3      | Noticed a fire elemental
  2399 | D:3      | Noticed Terence
  2413 | D:3      | Killed Terence
  2536 | D:3      | Reached skill level 4 in Invocations
  2577 | D:3      | Reached XP level 4. HP: 7/35 MP: 1/7
  3044 | D:3      | Found a basalt altar of Yredelemnul.
  3044 | D:3      | Found an ancient bone altar of Kikubaaqudgha.
  3045 | D:3      | Noticed Menkaure
  3062 | D:3      | Found a transporter.
  3064 | D:3      | Found a transporter.
  3493 | D:3      | Found a hazy altar of Hepliaklqana.
  3689 | D:4      | Reached XP level 5. HP: 40/42 MP: 6/8
  3947 | D:4      | Reached skill level 5 in Invocations
  4193 | D:4      | Noticed an ogre
  4210 | D:4      | Killed an ogre
  4656 | D:4      | Gained mutation: You regenerate a little health from kills. [demonic ancestry]
  4656 | D:4      | Reached XP level 6. HP: 47/48 MP: 7/10
  4763 | D:5      | Entered Level 5 of the Dungeon
  4935 | D:5      | Reached ** piety under Lugonu
  4935 | D:5      | Reached skill level 6 in Invocations
  5316 | D:5      | Noticed an orc warrior
  5365 | D:5      | Slain by an orc warrior

Skill      XL: |  1  2  3  4  5  6 |
---------------+-------------------+-----
Dodging        | 1 2 |  2.9
Armour         | 2 3 |  3.3
Invocations    | 3 4 5 6 |  6.3
Fighting       | 4 |  4.3
Short Blades   | |  1.7

Action                   |  1- 3 |  4- 6 || total
-------------------------+-------+-------++-------
Melee: Short sword       |   137 |   183 ||   320
Invok: Depart the Abyss  |     1 |       ||     1
  Use: Scroll            |     4 |     1 ||     5
 Stab: Sleeping          |     1 |       ||     1
       Distracted        |     1 |     2 ||     3
  Eat: Chunk             |     5 |     9 ||    14
Armor: Leather armour    |    16 |       ||    16
       Ring mail         |     9 |       ||     9
       Scale mail        |     3 |    71 ||    74
Dodge: Dodged            |    81 |    99 ||   180
